Map: 2000 애트모스피어 - 래더

Players

Zoun - Winner!

  • Race: Protoss Protoss

ByuN

  • Race: Terran Terran

Event: IEM Katowice 2022

VOD

Have the link to the VOD?

Description

Time

  • Played on: Feb. 25, 2022, 12:53 p.m.
  • Length: 16:18

All games in this series

Show
View Real Time Build Order
Export as new Build Order

Zoun Protoss - Winner!

Build Orders: 1 Gate Expand, Phoenix Opening, Carriers, Colossus Rush 

Get SALT Encoding   

  12  0:00  Probe  
  13  0:12  Probe  
  14  0:17  Pylon  
  14  0:24  Probe (Chrono Boost)  
  15  0:36  Gateway, Probe (Chrono Boost)  
  16  0:44  Probe (Chrono Boost)  
  16  0:45  Assimilator  
  17  0:51  Probe  
  18  1:03  Probe  
  19  1:15  Probe  
  20  1:23  Cybernetics Core  
  20  1:33  Nexus  
  20  1:35  Probe  
  21  1:42  Pylon  
  21  1:48  Probe  
  21  1:51  Assimilator  
  22  1:58  Adept (Chrono Boost)  
  22  2:00  Probe  
  25  2:08  Shield Battery  
  25  2:12  Probe  
  25  2:24  Stargate, Probe  
  25  2:28  Adept  
  28  2:36  Probe (Chrono Boost)  
  29  2:39  Warp Gate  
  29  2:45  Probe (Chrono Boost)  
  29  2:48  Probe (Chrono Boost)  
  31  2:56  Probe (Chrono Boost)  
  31  2:57  Probe (Chrono Boost)  
  31  2:58  Adept  
  35  3:03  Probe  
  36  3:08  Phoenix (Chrono Boost)  
  36  3:09  Probe  
  39  3:16  Probe  
  39  3:17  Gateway  
  40  3:21  Probe  
  40  3:25  Phoenix (Chrono Boost)  
  41  3:28  Probe  
  41  3:33  Probe  
  45  3:35  Pylon  
  45  3:40  Probe  
  46  3:53  Nexus, Probe  
  47  3:56  Probe  
  47  4:02  Pylon  
  48  4:05  Probe  
  49  4:11  Probe  
  49  4:12  Robotics Facility  
  49  4:14  Assimilator  
  50  4:17  Probe  
  50  4:18  Phoenix  
  50  4:23  Probe  
  54  4:27  Sentry  
  54  4:28  Assimilator, Zealot  
  58  4:32  Probe  
  58  4:35  Shield Battery  
  58  4:36  Pylon  
  59  4:38  Probe  
  59  4:44  Probe  
  61  4:47  Shield Battery  
  61  4:50  Probe  
  62  4:54  Pylon  
  62  4:58  Robotics Bay  
  62  4:59  Observer  
  63  5:00  Probe  
  63  5:02  Probe  
  63  5:05  Probe  
  66  5:09  Phoenix  
  66  5:13  Probe (Chrono Boost)  
  69  5:15  Stalker  
  69  5:16  Stalker  
  69  5:17  Probe (Chrono Boost)  
  69  5:18  Probe (Chrono Boost)  
  75  5:25  Probe (Chrono Boost)  
  75  5:28  Immortal (Chrono Boost)  
  81  5:29  Observer  
  81  5:30  Probe x3 (Chrono Boost)  
  81  5:35  Phoenix  
  85  5:39  Pylon  
  85  5:41  Probe  
  86  5:43  Stalker  
  88  5:54  Colossus (Chrono Boost)  
  94  5:58  Probe x3  
  94  6:01  Pylon  
  94  6:03  Phoenix  
  99  6:07  Shield Battery  
  99  6:08  Forge  
  99  6:18  Pylon  
  99  6:20  Gateway x2  
  99  6:21  Extended Thermal Lance  
  99  6:22  Pylon  
  99  6:28  Phoenix  
  99  6:32  Stalker  
  97  6:40  Stalker  
  95  6:51  Colossus (Chrono Boost)  
  95  6:53  Probe x2  
  83  6:54  Observer  
  83  6:57  Probe, Assimilator  
  83  6:59  Assimilator  
  83  7:00  Zealot  
  90  7:02  Shield Battery  
  90  7:03  Pylon  
  90  7:04  Phoenix (Chrono Boost)  
  90  7:05  Probe  
  90  7:08  Zealot  
  95  7:09  Probe x2  
  97  7:17  Probe  
  97  7:18  Zealot x2  
  97  7:20  Phoenix (Chrono Boost)  
  97  7:21  Sentry  
  106  7:26  Photon Cannon  
  106  7:27  Photon Cannon  
  106  7:29  Photon Cannon  
  104  7:40  Colossus (Chrono Boost)  
  110  7:45  Pylon, Phoenix (Chrono Boost)  
  112  7:53  Photon Cannon  
  112  7:55  Stargate, Protoss Ground Weapons Level 1  
  112  8:03  Photon Cannon  
  112  8:07  Phoenix (Chrono Boost)  
  112  8:09  Pylon  
  114  8:16  Fleet Beacon  
  114  8:21  Photon Cannon  
  114  8:23  Shield Battery  
  114  8:25  Phoenix (Chrono Boost)  
  116  8:30  Colossus (Chrono Boost)  
  122  8:37  Shield Battery  
  122  8:47  Phoenix (Chrono Boost)  
  124  8:49  Phoenix (Chrono Boost)  
  124  8:50  Pylon  
  124  8:54  Zealot x4  
  134  9:01  Probe x2  
  136  9:07  Phoenix (Chrono Boost)  
  138  9:10  Phoenix (Chrono Boost)  
  138  9:12  Nexus  
  138  9:14  Pylon  
  140  9:17  Observer  
  140  9:19  Probe  
  140  9:20  Probe  
  143  9:32  Shield Battery  
  143  9:33  Photon Cannon, Carrier (Chrono Boost)  
  149  9:39  Disruptor (Chrono Boost)  
  149  9:41  Carrier (Chrono Boost)  
  156  9:48  Photon Cannon  
  156  9:50  Photon Cannon, Zealot x3  
  156  9:51  Zealot  
  164  9:59  Pylon x2  
  160  10:17  Disruptor  
  161  10:22  Pylon x2  
  157  10:28  Carrier (Chrono Boost)  
  157  10:29  Zealot x4  
  177  10:45  Protoss Air Weapons Level 1 (Chrono Boost)  
  177  10:48  Carrier (Chrono Boost)  
  177  10:52  Anion Pulse-Crystals  
  178  11:01  Observer  
  178  11:06  Zealot  
  178  11:07  Zealot  
  178  11:08  Nexus  
  178  11:09  Pylon  
  182  11:16  Nexus, Twilight Council  
  182  11:21  Carrier (Chrono Boost)  
  182  11:22  Disruptor  
  183  11:29  Nexus  
  189  11:33  Shield Battery  
  189  11:34  Photon Cannon  
  189  11:35  Gateway  
  189  11:36  Gateway  
  189  11:37  Gateway x2  
  189  11:43  Protoss Shields Level 1  
  189  11:46  Carrier (Chrono Boost)  
  193  11:58  Disruptor  
  196  12:06  Stargate  
  196  12:08  Assimilator, Probe  
  197  12:12  Assimilator  
  197  12:13  Probe  
  196  12:19  Phoenix (Chrono Boost)  
  196  12:20  Charge  
  196  12:36  Phoenix  
  198  12:42  Protoss Air Weapons Level 2 (Chrono Boost)  
  196  12:45  Nexus, Phoenix (Chrono Boost)  
  196  12:48  Pylon  
  190  12:58  Disruptor (Chrono Boost)  
  190  13:00  Phoenix (Chrono Boost)  
  190  13:03  Observer  
  194  13:07  Phoenix (Chrono Boost)  
  194  13:09  Zealot x2, Phoenix (Chrono Boost)  
  194  13:12  Pylon  
  198  13:20  Phoenix  
  198  13:37  Gateway  
  198  13:38  Gateway  
  198  13:41  Forge  
  198  13:50  Nexus  
  190  13:57  Zealot  
  190  13:58  Zealot x6  
  190  14:01  Blink  
  200  14:08  Pylon  
  200  14:14  Robotics Facility  
  200  14:38  Disruptor  
  156  14:47  Zealot x2  
  156  14:48  Zealot x6  
  154  14:59  Phoenix x2  
  156  15:03  Shield Battery  
  156  15:04  Photon Cannon  
  156  15:06  Photon Cannon  
  154  15:09  Phoenix  
  154  15:13  Disruptor  
  153  15:18  Disruptor  
  146  15:24  Phoenix x2  
  144  15:33  Probe x2  
  144  15:34  Phoenix  
  141  16:03  Probe  
  141  16:04  Probe x2  
  150  16:13  Assimilator x2  
  150  16:15  Templar Archives  
Show
View Real Time Build Order
Export as new Build Order

ByuN Terran 

Build Orders: Cyclone Opening 

Get SALT Encoding   

  12  0:00  SCV  
  13  0:12  SCV  
  14  0:16  Supply Depot  
  14  0:24  SCV  
  15  0:38  SCV, Barracks  
  16  0:44  Refinery  
  16  0:50  SCV  
  16  0:53  Refinery  
  17  1:02  SCV  
  18  1:14  SCV  
  19  1:25  Reaper  
  20  1:26  Orbital Command  
  20  1:42  Factory  
  20  1:48  Supply Depot  
  20  1:52  SCV  
  21  2:04  SCV  
  22  2:16  Barracks Reactor  
  22  2:17  SCV  
  23  2:24  Command Center  
  24  2:30  SCV, Factory Tech Lab  
  24  2:33  Supply Depot  
  24  2:42  SCV  
  25  2:48  Cyclone  
  25  2:50  Barracks  
  28  2:54  SCV  
  28  2:57  Marine  
  30  2:59  Marine  
  31  3:06  SCV  
  32  3:12  Barracks  
  32  3:16  Marine  
  32  3:18  SCV  
  34  3:30  SCV, Marine  
  36  3:34  Marine  
  37  3:42  SCV  
  37  3:47  Marine  
  37  3:48  Factory Tech Lab, Marine  
  39  3:49  Stimpack  
  39  3:52  Marine  
  39  3:54  SCV  
  41  3:56  Orbital Command  
  41  3:57  Engineering Bay  
  41  4:05  Marine  
  41  4:06  Marine  
  41  4:07  SCV  
  41  4:09  Marine  
  44  4:10  Combat Shield  
  44  4:13  Marine  
  46  4:19  Supply Depot, SCV  
  46  4:23  SCV  
  48  4:25  Terran Infantry Weapons Level 1  
  48  4:32  SCV  
  48  4:34  Starport  
  48  4:35  SCV, Factory Reactor  
  50  4:40  Marine x2  
  53  4:45  SCV  
  53  4:46  Bunker  
  53  4:47  SCV  
  53  4:51  Marauder x2  
  58  4:54  Supply Depot  
  58  4:57  SCV  
  58  4:59  SCV  
  60  5:00  Marine x2  
  61  5:09  SCV  
  62  5:17  Supply Depot  
  62  5:20  SCV, Marine x2, Marauder x2  
  69  5:22  SCV  
  69  5:27  Medivac  
  70  5:31  Factory Reactor  
  70  5:32  Concussive Shells  
  70  5:37  Supply Depot  
  70  5:39  SCV x2, Medivac  
  70  5:42  Supply Depot  
  76  5:45  Marauder  
  76  5:46  Marauder  
  78  5:50  Marine x2  
  78  5:51  Refinery  
  78  5:52  SCV x2  
  82  6:00  Supply Depot  
  82  6:04  SCV x2  
  82  6:07  Marauder x2  
  82  6:10  Supply Depot  
  91  6:12  Marine x2  
  91  6:15  Widow Mine  
  91  6:16  Widow Mine  
  94  6:28  Marauder x2  
  94  6:30  Marine x2  
  82  6:48  Marine  
  82  6:50  Marauder x2  
  82  6:52  Marine  
  77  6:54  Medivac x2  
  77  6:56  Command Center  
  81  7:03  SCV  
  81  7:04  SCV  
  81  7:07  Barracks x2, Terran Infantry Armor Level 1  
  83  7:11  Marauder x2  
  83  7:12  Marine x2  
  83  7:14  Refinery  
  89  7:16  SCV  
  89  7:17  SCV  
  89  7:21  Supply Depot  
  91  7:28  SCV  
  91  7:29  SCV  
  93  7:30  Marine x2  
  93  7:32  Marauder  
  93  7:33  Marauder  
  93  7:34  Medivac x2  
  103  7:40  SCV  
  103  7:41  SCV  
  105  7:52  SCV  
  105  7:53  SCV  
  105  7:55  Marine x2  
  105  7:56  Barracks Tech Lab, Marauder x2, Marine x2  
  115  8:04  SCV  
  115  8:05  SCV  
  117  8:08  Viking x2  
  117  8:12  Orbital Command  
  121  8:13  Ghost Academy  
  121  8:16  SCV  
  121  8:17  SCV  
  121  8:22  Refinery  
  121  8:23  Refinery  
  121  8:28  SCV  
  121  8:29  SCV  
  123  8:40  SCV  
  124  8:41  SCV  
  124  8:42  Viking x2  
  124  8:43  Enhanced Shockwaves  
  124  8:44  Command Center  
  124  8:45  SCV  
  130  8:49  Supply Depot  
  130  8:52  SCV  
  130  8:53  SCV  
  130  8:55  Ghost x3  
  130  9:02  SCV  
  137  9:05  Supply Depot, SCV x2  
  139  9:13  Supply Depot  
  139  9:14  Viking  
  139  9:15  Engineering Bay, Armory  
  139  9:16  Viking  
  143  9:28  Ghost x2  
  143  9:29  Ghost  
  149  9:34  Barracks  
  149  9:35  Barracks  
  149  9:36  Supply Depot  
  149  9:37  SCV x3, Barracks  
  152  9:42  Factory Reactor  
  152  9:44  Starport  
  152  9:46  Marine x4  
  152  9:52  Viking x2  
  160  10:03  Marauder x2  
  160  10:04  Marauder  
  162  10:22  Viking x2, Terran Infantry Weapons Level 2  
  162  10:25  Marauder x3  
  172  10:30  Orbital Command  
  172  10:31  SCV x2  
  172  10:32  SCV, Refinery, Barracks Tech Lab x2, Barracks Reactor  
  175  10:37  Terran Infantry Armor Level 2  
  175  10:40  Terran Ship Weapons Level 1  
  175  10:44  Refinery  
  175  10:51  Viking x2  
  173  11:01  Marauder x3  
  173  11:02  Marauder x2  
  173  11:03  SCV x2  
  173  11:04  SCV  
  186  11:06  SCV  
  187  11:12  Missile Turret  
  187  11:15  SCV  
  188  11:18  Missile Turret  
  188  11:21  Supply Depot  
  188  11:24  Supply Depot, SCV x3  
  191  11:26  Command Center  
  191  11:37  Fusion Core, Viking x2  
  191  11:38  Viking  
  195  11:48  Command Center  
  190  12:11  Missile Turret  
  190  12:12  Missile Turret x3  
  190  12:13  Command Center  
  188  12:25  Liberator x4  
  188  12:26  Advanced Ballistics  
  198  12:35  Missile Turret  
  198  12:37  Missile Turret  
  198  12:39  Missile Turret  
  198  12:40  Missile Turret  
  198  12:42  Missile Turret x3, Ghost  
  200  12:48  Planetary Fortress  
  200  12:50  Missile Turret  
  195  13:03  Terran Ship Weapons Level 2  
  192  13:06  Orbital Command  
  192  13:07  Starport  
  192  13:09  Starport  
  192  13:13  Viking x4  
  192  13:16  Terran Infantry Armor Level 3  
  192  13:19  Terran Infantry Weapons Level 3  
  200  13:28  Orbital Command  
  200  13:32  Command Center  
  200  13:48  Missile Turret  
  197  13:51  Marauder x2  
  197  13:54  Marine  
  197  13:55  Missile Turret, Marine  
  171  13:56  Viking  
  171  13:57  Viking  
  171  13:58  Viking x2  
  171  13:59  Ghost x2  
  177  14:05  Missile Turret  
  175  14:17  Ghost x3  
  181  14:26  Viking  
  181  14:28  Ghost x2  
  181  14:40  Marine  
  181  14:41  Marine  
  181  14:43  Liberator  
  181  14:45  Marine x4  
  153  14:46  Ghost x2  
  129  14:55  Viking  
  129  14:57  Marine x2  
  129  14:58  Marine, Liberator  
  129  14:59  Liberator  
  131  15:02  Liberator  
  134  15:10  Marine x5  
  119  15:15  Marine  
  119  15:16  Marine  
  119  15:17  Marine x4  
  114  15:28  Marine x2  
  105  15:29  Marine  
  105  15:30  Marine  
  105  15:31  Marine  
  105  15:32  Marine  
  105  15:34  Marine  
  101  15:38  Marine x2  
  101  15:40  Marine  
  87  15:44  Marine  
  87  15:47  Marine  
  91  15:50  Marine  

Tags
 
Add a new tag
Caveats
  • Supply blocks, unpowered buildings, or Contaminate may cause inaccurate times.
  • Supply counts are checked every 10 seconds.